 Dungeon Crawl Stone Soup version 0.28-a0-653-g7e9dba17c3 (webtiles) character file.

Game seed: 13607934501396543636

2769 lawman0 the Cleaver (level 9, -14/72 HPs)
             Began as a Palentonga Berserker on Oct 11, 2021.
             Was an Elder of Trog.
             Demolished by a gargoyle (19 damage)
             ... on level 7 of the Dungeon.
             The game lasted 00:10:32 (7672 turns).

lawman0 the Cleaver (Palentonga Berserker)          Turns: 7672, Time: 00:10:32

Health: -14/72     AC: 18    Str: 23    XL:     9   Next: 42%
Magic:  9/9        EV:  6    Int:  8    God:    Trog [****..]
Gold:   316        SH:  0    Dex: 10    Spells: 8/8 levels left

rFire   . . .      SeeInvis +   a - +2 war axe (elec)
rCold   . . .      Faith    .   (no shield)
rNeg    . . .      Spirit   .   j - +0 chain mail
rPois   .          Reflect  .   (no helmet)
rElec   .          Harm     .   l - +1 cloak
rCorr   .          Rampage  .   (no gloves)
Will    +++..                   (no barding)
Stlth   ..........              (no amulet)
HPRegen 1.22/turn               f - ring of willpower
MPRegen 0.11/turn               (no ring)

@: strong-willed, on berserk cooldown, regenerating, slowed, studying Crossbows,
curled up, very slow
A: large, rugged brown scales 3, see invisible, deformed body, roll 1, armoured
tail, reflexive curl
a: Rolling Charge, Renounce Religion, Berserk, Trog's Hand, Brothers in Arms


You were on level 7 of the Dungeon.
You worshipped Trog.
Trog was greatly pleased with you.
You visited 1 branch of the dungeon, and saw 7 of its levels.

You collected 531 gold pieces.
You spent 215 gold pieces at shops.

Inventory:

Hand Weapons
 a - a +2 war axe of electrocution (weapon)
 b - a +2 arbalest
Missiles
 h - 37 bolts
Armour
 j - a +0 chain mail (worn)
 l - a +1 cloak (worn)
Jewellery
 f - a ring of willpower (left hand)
Wands
 o - a wand of polymorph (9)
 r - a wand of digging (2)
 v - a wand of charming (7)
 w - a wand of paralysis (13)
Scrolls
 c - 2 scrolls of enchant armour
 m - a scroll of vulnerability {unknown}
 s - a scroll of enchant weapon
 u - a scroll of torment
Potions
 e - 3 potions of curing
 i - a potion of resistance
 k - 2 potions of flight {unknown}
 n - 2 potions of might {unknown}
 p - a potion of lignification
 q - a potion of heal wounds {unknown}
 t - a potion of brilliance {unknown}
 x - a potion of mutation {unknown}


   Skills:
 + Level 5.5 Fighting
 * Level 9.4 Axes
 + Level 4.2 Crossbows
 + Level 5.6 Armour
 + Level 2.1 Dodging
 + Level 0.1 Stealth


You had 8 spell levels left.
You didn't know any spells.
Your spell library was empty.

Dungeon Overview and Level Annotations

Branches:
Dungeon (7/15)             Temple (0/1) D:5

Altars:
Dithmenos
Okawaru
Uskayaw
Wu Jian
The Shining One

Shops:
D:3 ?*=:?

Annotations:
D:6 3 runed translucent doors, mordus's ghost, novice HOMo


Innate Abilities, Weirdness & Mutations

You are completely covered in rugged brown scales. (AC +3, +7% HP)
You have supernaturally acute eyesight. (SInv)
Armour fits poorly on your strangely shaped body.
You can roll at nearby foes to attack.
You have a long armoured tail.
You curl defensively after being hit.


Message History

You hit the gnoll sergeant.
The gnoll sergeant is severely wounded.
The gnoll sergeant hits you with a +0 trident of protection!
You hit the gnoll sergeant but do no damage.
The gnoll sergeant is severely wounded.
The gnoll sergeant hits you but does no damage.
You slash the gnoll sergeant!
You kill the gnoll sergeant!
Trog accepts your kill.
The gargoyle hurls a stone arrow at you.
The stone arrow hits you!!
The gargoyle hits you with a +0 morningstar.
Things that are here:
a +0 trident of protection; a +0 ring mail; a gnoll corpse You hit the gargoyle but do no damage.
You hit the gargoyle.
The gargoyle is lightly damaged.
You are no longer berserk.
You are exhausted.
You feel yourself slow down. The gargoyle barely misses you.
You hit the gargoyle but do no damage.
The gargoyle is lightly damaged.
The gargoyle barely misses you.
The gargoyle hurls a stone arrow at you.
The stone arrow hits you!
You barely miss the gargoyle.
The gargoyle is lightly damaged.
The gargoyle hits you with a +0 morningstar!
You are too injured to fight recklessly!
You hit the gargoyle but do no damage.
The gargoyle is lightly damaged.
The gargoyle hits you with a +0 morningstar.
The gargoyle hurls a stone arrow at you.
The stone arrow hits you!!
* * * LOW HITPOINT WARNING * * *
You are too injured to fight recklessly!
You closely miss the gargoyle.
The gargoyle is lightly damaged.
The gargoyle hits you with a +0 morningstar!!
You die...

#.# #### #.# ..(#####
######## #.# ...[.#.#
#......# #.# ####..##
####....<.###.# ...#.).#
#...9.......(.#
.⌠.##'####.#####[#######
...##.888#.# #9#.....#
g..#8.9g)g.# #@#>....#
⌠..##.888### #.#..>..#
.⌠.##'#### #<(?....#
...#...# ###.....#
####9.## #.....#
...'.#.# #..#.######
...#####
#######..#......# ####
#........#.....<##
#........#....)..#


You could see a gargoyle.

Vanquished Creatures
  A steam dragon (D:5)
  Duvessa (D:6)
  4 black bears
  An ice beast (D:7)
  3 necrophages
  3 ogres
  4 centaurs
  A phantom (D:4)
  A bullfrog (D:7)
  A gnoll sergeant (D:7)
  4 scorpions
  Dowan (D:6)
  A howler monkey (D:5)
  A centaur zombie (D:7)
  A bullfrog zombie (D:6)
  2 hounds (D:6)
  A jelly (D:6)
  An orc priest (D:4)
  2 centaur skeletons
  3 bullfrog skeletons
  3 iguanas
  4 orc wizards
  2 killer bee zombies (D:7)
  A gnoll (D:1)
  7 adders
  A worm (D:2)
  2 dart slugs
  18 orcs
  5 bats
  9 endoplasms
  3 giant cockroaches
  9 goblins
  8 hobgoblins
  4 kobolds
  7 quokkas
  8 ball pythons
  4 frilled lizards
  27 rats
159 creatures vanquished.

Vanquished Creatures (others)
  2 fungi (D:6)
  3 plants
5 creatures vanquished.

Grand Total: 164 creatures vanquished

Notes
Turn   | Place    | Note
-------+----------+-------------------------------------------
     0 | D:1      | lawman0 the Palentonga Berserker began the quest for the
                  | Orb.
     0 | D:1      | Reached XP level 1. HP: 19/19 MP: 1/1
   131 | D:1      | Reached XP level 2. HP: 25/25 MP: 2/2
   410 | D:1      | Found a faded altar of an unknown god.
   426 | D:1      | Reached XP level 3. HP: 28/31 MP: 3/3
   489 | D:1      | Reached ** piety under Trog
  1245 | D:2      | Reached skill level 4 in Axes
  1441 | D:2      | Reached XP level 4. HP: 37/37 MP: 4/4
  1557 | D:2      | Found a hide-covered altar of Uskayaw.
  1962 | D:3      | Found Daoloig's Magic Scroll Boutique.
  1971 | D:3      | Bought a scroll of identify for 22 gold pieces
  1971 | D:3      | Bought a scroll of fear for 38 gold pieces
  1971 | D:3      | Bought a scroll of noise for 11 gold pieces
  2020 | D:3      | Found Qomoinal's Assorted Antiques.
  2153 | D:3      | Found Don Puox's Magic Scroll Shop.
  2197 | D:3      | Found an iron altar of Okawaru.
  2378 | D:3      | Found Cala's Book Shop.
  2535 | D:3      | Found Kionuu's Jewellery Shop.
  2603 | D:3      | Reached *** piety under Trog
  2980 | D:3      | Reached XP level 5. HP: 43/43 MP: 5/5
  2992 | D:3      | Found a shadowy altar of Dithmenos.
  3279 | D:4      | Noticed a phantom
  3297 | D:4      | Killed a phantom
  3298 | D:4      | Reached skill level 5 in Axes
  3298 | D:4      | Reached skill level 1 in Crossbows
  3300 | D:4      | Reached XP level 6. HP: 12/51 MP: 6/6
  3964 | D:5      | Entered Level 5 of the Dungeon
  3973 | D:5      | Gained mutation: You curl defensively after being hit.
                  | [Palentonga growth]
  3973 | D:5      | Reached XP level 7. HP: 49/57 MP: 7/7
  4115 | D:5      | Reached skill level 6 in Axes
  4673 | D:5      | Found a staircase to the Ecumenical Temple.
  4845 | D:5      | Reached XP level 8. HP: 65/65 MP: 8/8
  5130 | D:3      | Bought a shiny lead wand for 72 gold pieces
  5130 | D:3      | Bought a scroll of identify for 36 gold pieces
  5130 | D:3      | Bought a scroll of identify for 36 gold pieces
  5131 | D:3      | Identified a scroll of acquirement
  5132 | D:3      | Acquired a manual of Crossbows
  5276 | D:6      | Reached skill level 5 in Fighting
  5583 | D:5      | Reached skill level 7 in Axes
  5914 | D:6      | Noticed Duvessa
  5917 | D:6      | Killed Duvessa
  5927 | D:6      | Noticed Dowan
  5929 | D:6      | Killed Dowan
  5975 | D:6      | Reached skill level 5 in Armour
  6194 | D:6      | Reached **** piety under Trog
  6213 | D:6      | Found a runed translucent gate.
  6213 | D:6      | Found a runed translucent gate.
  6213 | D:6      | Found a runed translucent gate.
  6216 | D:6      | Noticed mordus's ghost (novice HOMo)
  6267 | D:6      | Reached skill level 8 in Axes
  6422 | D:6      | Found an ornate altar of the Wu Jian Council.
  6578 | D:6      | Reached XP level 9. HP: 72/72 MP: 9/9
  6728 | D:7      | Found a glowing golden altar of the Shining One.
  7119 | D:7      | Reached skill level 9 in Axes
  7123 | D:7      | Noticed a cyclops
  7301 | D:7      | Noticed a gargoyle
  7447 | D:7      | Noticed a two-headed ogre
  7447 | D:7      | Noticed an unseen horror
  7671 | D:7      | HP: 3/72 [gargoyle/stone arrow (26)]
  7672 | D:7      | Demolished by a gargoyle

Illustrated notes

Levels and vault maps discovered:
D:1:      dpeg_arrival_orchard, layout_rooms,
          shapermc_ecumenical_altar_totnotflames
D:2:      layout_loops_ring, basic_altar, minmay_rat_hole
D:3:      layout_basic, mainiacjoe_overflow_catwalk, marbit_many_paths,
          serial_shops, nicolae_square_shop, shop_fountains, shop, shop, shop,
          minmay_joined_circles
D:4:      layout_rooms, corexii_leaking_fountain, kennysheep_generic_room_14
D:5:      layout_basic, minmay_temple_entry_antechambers
D:6:      minmay_inner_zag, layout_cave_pools,
          nicolae_wu_jian_immortal_techniques, gammafunk_ghost_nasty_kobolds,
          uniq_duvessa
D:7:      minmay_chambers_of_sevens, layout_basic, old_standard_altar

Skill      XL: |  1  2  3  4  5  6  7  8  9 |
---------------+----------------------------+-----
Axes           | 4 5 6 8 9 |  9.4
Armour         | 2 3 5 |  5.6
Crossbows      | 1 2 3 4 |  4.2
Fighting       | 4 5 |  5.5
Dodging        | 2 |  2.1
Stealth        | |  0.1

Action                   |  1- 3 |  4- 6 |  7- 9 || total
-------------------------+-------+-------+-------++-------
Melee: Hand axe          |   123 |   108 |    38 ||   269
       Tailslap          |    15 |    17 |    24 ||    56
       War axe           |       |       |   113 ||   113
 Fire: Arbalest          |       |    33 |    26 ||    59
Invok: Berserk           |     3 |     4 |    10 ||    17
       Trog's Hand       |       |     1 |     1 ||     2
 Abil: Rolling Charge    |       |       |     1 ||     1
  Use: Scroll            |       |     5 |    11 ||    16
       Potion            |       |     1 |     1 ||     2
Armor: Animal skin       |    29 |       |       ||    29
       Chain mail        |    38 |    64 |   133 ||   235
       Skin              |       |       |    13 ||    13
Dodge: Dodged            |    51 |    29 |    71 ||   151

Table legend: (Time is in decaauts)
 A = Elapsed time spent in this place.
 B = Non-inter-level travel time spent in this place.
 C = Inter-level travel time spent in this place.
 D = Time resting spent in this place.
 E = Time spent auto-exploring this place.
 F = Levels seen in this place.
 G = Mean time per level.
                   A        B        C        D        E       F      G
               +--------+--------+--------+--------+--------+-----+--------+
         Total |   7891 |   7434 |    457 |   1775 |   4418 |   7 | 1127.3 |
       Dungeon |   7891 |   7434 |    457 |   1775 |   4418 |   7 | 1127.3 |
               +--------+--------+--------+--------+--------+-----+--------+

Top non-repeatable levels by time:
     D:5: 1734 daAuts
     D:3: 1446 daAuts
     D:6: 1133 daAuts
     D:2: 1105 daAuts
     D:4: 827 daAuts
     D:7: 826 daAuts
     D:1: 818 daAuts
